 Dungeon Crawl Stone Soup version 0.19.1-28-ge1247f7 (webtiles) character file.

7400 Lahna the Grappler (level 10, -6/153 HPs)
             Began as a Troll Berserker on Jan 21, 2017.
             Was a High Priest of Trog.
             Mangled by a nine-headed hydra (8 damage)
             ... on level 1 of the Lair of Beasts.
             The game lasted 00:28:25 (8131 turns).

Lahna the Grappler (Troll Berserker)                Turns: 8131, Time: 00:28:26

Health: -6/153     AC:  8    Str: 32    XL:     10   Next: 92%
Magic:  9/9        EV: 11    Int:  4    God:    Trog [*****.]
Gold:   432        SH: 11    Dex: 11    Spells: 0 memorised, 9 levels left

rFire  + . .     SeeInvis +       - Unarmed
rCold  + . .     Gourm    +     G - +1 robe {rF+}
rNeg   . . .     Faith    .     n - +0 shield
rPois  +         Spirit   .     m - +1 hat
rElec  .         Reflect  .     E - +0 cloak
rCorr  .         Harm     .     (gloves unavailable)
MR     .....                    (boots unavailable)
Stlth  ..........               (no amulet)
                                i - ring of protection from cold
                                o - ring of see invisible

@: berserking, very quick
A: unfitting armour, antennae 1, claws 3, hooves 1, fast metabolism 3, gourmand,
poison resistance, regeneration 1, shaggy fur 1, tough skin 2
a: Berserk, Trog's Hand, Brothers in Arms, Burn Spellbooks, Renounce Religion


You were on level 1 of the Lair of Beasts.
You worshipped Trog.
Trog was extremely pleased with you.
You were full.

You visited 2 branches of the dungeon, and saw 10 of its levels.

You collected 432 gold pieces.

Inventory:

Missiles
 q - 12 curare-tipped needles
Armour
 m - a +1 hat (worn)
 n - a +0 shield (worn)
 E - a +0 cloak (worn)
 G - a +1 robe of fire resistance (worn)
Jewellery
 e - an uncursed ring of resist corrosion
 i - a ring of protection from cold (right claw)
 o - a ring of see invisible (left claw)
Wands
 c - a wand of acid (10/15)
 C - a wand of lightning (15/15)
 I - a wand of flame (14/48)
Scrolls
 f - 6 scrolls of remove curse
 g - 4 scrolls of teleportation
 p - a scroll of enchant armour
 t - a scroll of enchant weapon {unknown}
 u - a scroll of fog
 y - a scroll of magic mapping {unknown}
 B - a scroll of recharging
 F - a scroll of immolation {unknown}
 H - 2 scrolls of noise {unknown}
Potions
 a - a potion of cure mutation {unknown}
 d - 2 potions of curing
 j - 2 potions of heal wounds
 k - 2 potions of cancellation {unknown}
 s - 3 potions of brilliance
 v - a potion of ambrosia {unknown}
 w - a potion of haste {unknown}
 z - a potion of resistance {unknown}
 A - 2 potions of lignification {unknown}
 D - a potion of flight {unknown}
Comestibles
 b - 3 bread rations
 h - a royal jelly
 l - 5 beef jerkies
 r - 4 meat rations
 x - 2 slices of pizza


   Skills:
 - Level 7.0 Fighting
 + Level 5.2 Dodging
 - Level 6.0 Shields
 - Level 12.0 Unarmed Combat


You had 9 spell levels left.
You didn't know any spells.

Dungeon Overview and Level Annotations

Branches:
Dungeon (9/15)             Temple (0/1) D:4            Lair (1/6) D:8
    Orc: D:9-12

Altars:
Elyvilon
Gozag
Kikubaaqudgha
Trog
Yredelemnul

Shops:
D:5 *


Innate Abilities, Weirdness & Mutations

You are too large for most types of armour.
You have claws for hands.
Your metabolism is lightning-fast.
You like to eat raw meat.
Your natural rate of healing is unusually fast.
You are covered in fur. (AC +1)
You have very tough skin. (AC +2)
You have a pair of small antennae on your head.
You have large cloven feet.
Your system is resistant to poisons. (rPois)


Message History

You block the nine-headed hydra's attack.
The nine-headed hydra bites you!
* * * LOW HITPOINT WARNING * * *
The nine-headed hydra bites you but does no damage.
The nine-headed hydra bites you!
* * * LOW HITPOINT WARNING * * *
The nine-headed hydra bites you.
* * * LOW HITPOINT WARNING * * *
A red film seems to cover your vision as you go berserk!
You feel yourself moving faster!
You feel mighty!
You feel a lot less full. The nine-headed hydra bites you.
* * * LOW HITPOINT WARNING * * *
You block the nine-headed hydra's attack.
The nine-headed hydra bites you.
* * * LOW HITPOINT WARNING * * *
The nine-headed hydra bites you.
* * * LOW HITPOINT WARNING * * *
The nine-headed hydra barely misses you.
The nine-headed hydra bites you!
You die...

### ##########
###########.###.##...#.#
......D@................
........................
........................
........................
...########......<......
$. #...........+# #
#...####.#.... #...#
#.P.... #.... #......


You could see a nine-headed hydra.

Vanquished Creatures
  Erica (D:9)
  Joseph (D:8)
  A troll (D:9)
  2 two-headed ogres
  3 blink frogs
  A hippogriff (D:8)
  A wyvern (D:9)
  A vampire mosquito (D:9)
  2 wargs
  A water moccasin (D:7)
  Edmund (D:4)
  3 orc warriors
  A black bear (D:9)
  An ice beast (D:8)
  5 ogres
  2 phantoms
  5 centaurs
  5 bullfrogs
  A big kobold (D:9)
  A wyvern zombie (D:7)
  2 wyvern skeletons (D:9)
  8 killer bees
  2 scorpions
  8 wights (D:7)
  2 howler monkeys (D:7)
  A centaur zombie (D:8)
  6 crimson imps
  A centaur skeleton (D:6)
  5 hounds
  4 orc priests
  3 jellies
  6 orc wizards
  2 bullfrog skeletons (D:9)
  A gnoll shaman (D:7)
  An iguana (D:9)
  7 worker ants
  A killer bee zombie (D:4)
  4 worker ant zombies
  16 gnolls
  16 adders
  3 shadow imps
  3 adder zombies
  An ooze (D:5)
  3 adder skeletons
  2 dart slugs (D:1)
  5 leopard geckos
  22 orcs
  4 bats
  5 giant cockroaches
  13 goblins
  5 hobgoblins
  6 jackals
  10 kobolds
  3 quokkas
  2 ball pythons
  3 frilled lizards
  10 rats
235 creatures vanquished.

Vanquished Creatures (collateral kills)
  An orc wizard (D:8)
1 creature vanquished.

Grand Total: 236 creatures vanquished

Notes
Turn   | Place    | Note
-------+----------+-------------------------------------------
     0 | D:1      | Lahna the Troll Berserker began the quest for the Orb.
     0 | D:1      | Reached XP level 1. HP: 22/22 MP: 0/0
   228 | D:1      | Reached XP level 2. HP: 29/29 MP: 1/1
  1060 | D:2      | Reached ** piety under Trog
  1060 | D:2      | Reached XP level 3. HP: 26/36 MP: 2/2
  1483 | D:2      | Reached skill level 4 in Unarmed Combat
  1483 | D:2      | Reached XP level 4. HP: 44/44 MP: 3/3
  1921 | D:3      | Reached XP level 5. HP: 45/52 MP: 4/4
  1924 | D:3      | Reached skill level 5 in Unarmed Combat
  2251 | D:3      | Found a bloodstained altar of Trog.
  2278 | D:3      | Reached *** piety under Trog
  2389 | D:4      | Reached skill level 6 in Unarmed Combat
  2389 | D:4      | Reached XP level 6. HP: 52/61 MP: 5/5
  2410 | D:4      | Found a staircase to the Ecumenical Temple.
  2508 | D:4      | Found a basalt altar of Yredelemnul.
  2639 | D:4      | Noticed Edmund
  2668 | D:4      | Killed Edmund
  2668 | D:4      | Reached skill level 7 in Unarmed Combat
  2787 | D:4      | Reached XP level 7. HP: 67/67 MP: 6/6
  2868 | D:5      | Entered Level 5 of the Dungeon
  2898 | D:5      | Reached skill level 8 in Unarmed Combat
  3020 | D:5      | Reached skill level 9 in Unarmed Combat
  3231 | D:5      | Reached **** piety under Trog
  3259 | D:5      | Found Zikiskec's General Store.
  3551 | D:6      | Reached XP level 8. HP: 51/78 MP: 7/7
  4005 | D:6      | Reached skill level 5 in Fighting
  4968 | D:6      | Gained mutation: You have a pair of small antennae on your head. [potion of beneficial mutation]
  4969 | D:6      | Gained mutation: You have large cloven feet. [potion of beneficial mutation]
  4970 | D:6      | Gained mutation: Your system is resistant to poisons. (rPois) [potion of beneficial mutation]
  5227 | D:7      | Found an opulent altar of Gozag.
  5319 | D:7      | Reached XP level 9. HP: 84/93 MP: 8/8
  5482 | D:7      | Reached skill level 1 in Shields
  5518 | D:7      | Found an ancient bone altar of Kikubaaqudgha.
  5885 | D:7      | Reached ***** piety under Trog
  6037 | D:8      | Noticed Joseph
  6053 | D:8      | Killed Joseph
  6059 | D:8      | Reached skill level 5 in Shields
  6306 | D:8      | Received a gift from Trog
  6327 | D:8      | Reached XP level 10. HP: 62/102 MP: 9/9
  6513 | D:8      | Found a staircase to the Lair.
  6542 | D:8      | Reached skill level 5 in Dodging
  6566 | Lair:1   | Entered Level 1 of the Lair of Beasts
  6936 | D:9      | Received a gift from Trog
  7007 | D:9      | Noticed Erica
  7018 | D:9      | Killed Erica
  7018 | D:9      | Reached skill level 10 in Unarmed Combat
  7173 | D:9      | Reached skill level 11 in Unarmed Combat
  7328 | D:9      | Received a gift from Trog
  7917 | D:9      | Found a white marble altar of Elyvilon.
  8091 | D:8      | Reached skill level 12 in Unarmed Combat
  8121 | Lair:1   | Noticed a six-headed hydra
  8131 | Lair:1   | HP: 5/153 [nine-headed hydra (5)]
  8131 | Lair:1   | HP: 2/153 [nine-headed hydra (3)]
  8131 | Lair:1   | Mangled by a nine-headed hydra

Skill      XL: |  1  2  3  4  5  6  7  8  9 10 |
---------------+-------------------------------+-----
Dodging        | 3 4 5 |  5.2
Unarmed Combat | 4 6 7 9 12 | 12.0
Fighting       | 3 7 |  7.0
Shields        | 6 |  6.0

Action                   |  1- 3 |  4- 6 |  7- 9 | 10-12 || total
-------------------------+-------+-------+-------+-------++-------
Melee: Unarmed           |    99 |   130 |   296 |   191 ||   716
       Punch             |       |     7 |    11 |       ||    18
       Kick              |       |       |    47 |    54 ||   101
Invok: Berserk           |       |     1 |     4 |     3 ||     8
       Brothers in Arms  |       |       |     1 |       ||     1
       Burn Spellbooks   |       |       |       |     1 ||     1
  Use: Scroll            |       |       |     6 |     5 ||    11
       Potion            |       |       |     3 |     1 ||     4
  Eat: Chunk             |    19 |    13 |    35 |    18 ||    85
Armor: Animal skin       |    33 |    35 |    42 |       ||   110
       Robe              |       |       |    20 |    46 ||    66
Dodge: Dodged            |    48 |    56 |    97 |   101 ||   302
Block: Shield            |       |       |    39 |   100 ||   139
